 Dungeon Crawl Stone Soup version 0.30-a0-782-ge64f9170bb (webtiles) character file.

Game seed: 11193447507924787481

1762 HoaS the Grappler (level 8, 0/78 HPs)
             Began as a Troll Gladiator on Mar 6, 2023.
             Was an Elder of Zin.
             Slain by Pikel
             ... wielding a +1 whip of freezing
              (6 damage)
             ... on level 6 of the Dungeon.
             The game lasted 00:15:04 (5328 turns).

HoaS the Grappler (Troll Gladiator)                 Turns: 5328, Time: 00:15:05

Health: 0/78       AC:  4    Str: 23    XL:     8   Next: 79%
Magic:  9/9        EV: 11    Int:  4    God:    Zin [****..]
Gold:   294        SH:  0    Dex: 13    Spells: 7/7 levels left

rFire   . . .      SeeInvis .      - Unarmed
rCold   . . .      Faith    .    (no shield)
rNeg    . . .      Spirit   .    a - +0 robe
rPois   .          Reflect  .    b - +0 hat
rElec   .          Harm     .    (no cloak)
rCorr   .          Rampage  .    (gloves unavailable)
Will    .....                    (boots unavailable)
Stlth   +                        p - amulet of regeneration
HPRegen 1.93/turn                (no ring)
MPRegen 0.11/turn                (no ring)

@: weakened
A: large, unfitting armour, claws 3, regeneration 1, shaggy fur 1, tough skin 1
a: Renounce Religion, Recite, Vitalisation, Imprison, Donate Gold


You were on level 6 of the Dungeon.
You worshipped Zin.
Zin was greatly pleased with you.
You visited 2 branches of the dungeon, and saw 7 of its levels.
You also visited: Ossuary.

You collected 326 gold pieces.
You donated 32 gold pieces to Zin.

Inventory:

Missiles
 c - 3 throwing nets (quivered)
 d - a large rock
 e - 10 poisoned darts
 l - 3 javelins
 w - 5 curare-tipped darts
Armour
 a - a +0 robe (worn)
 b - a +0 hat (worn)
Jewellery
 p - an amulet of regeneration (around neck)
Wands
 i - a wand of digging (8)
 v - a wand of flame (14)
 x - a wand of paralysis (11)
Scrolls
 m - a scroll of magic mapping
 o - 2 scrolls of blinking
 q - 4 scrolls of teleportation
 s - a scroll of identify
 t - a scroll of fog
Potions
 f - 6 potions of curing {unknown}
 g - a potion of lignification
 h - a potion of flight {unknown}
 j - 4 potions of haste {unknown}
 k - 2 potions of might
 n - a potion of cancellation {unknown}
 r - 3 potions of heal wounds


   Skills:
 * Level 3.6 Fighting
 + Level 2.7 Throwing
 * Level 3.6 Dodging
 * Level 9.5 Unarmed Combat
 + Level 3.2 Invocations


You had 7 spell levels left.
You didn't know any spells.
Your spell library contained the following spells:

 Spells                   Type           Power      Damage    Failure   Level
 Kiss of Death            Conj/Necr      0%         2d5       50%         1
 Confusing Touch          Hex            0%         N/A       86%         3
 Dispel Undead            Necr           0%         3d6       99%         4
 Manifold Assault         Tloc           0%         N/A       99%         4
 Passage of Golubria      Tloc           0%         N/A       99%         4
 Silence                  Hex/Air        0%         N/A       100%        5
 Dispersal                Tloc           0%         N/A       100%        6
 Disjunction              Tloc           0%         N/A       100%        8
 Lehudib's Crystal Spear  Conj/Erth      0%         10d2      100%        8


Dungeon Overview and Level Annotations

Branches:
Dungeon (6/15)             Temple (1/1) D:4         Ossuary (visited)

Altars:
Cheibriados
Dithmenos
Elyvilon
Fedhas
Gozag
Hepliaklqana
Kikubaaqudgha
Makhleb
Nemelex Xobeh
Qazlal
Trog
Uskayaw
Vehumet
Wu Jian
Xom
Zin
The Shining One

Shops:
D:4 *

Annotations:
D:3 1 runed translucent door, p0werm0de's ghost, amateur OgFi
D:6 Dowan; Duvessa; Pikel


Innate Abilities, Weirdness & Mutations

You are too large for most types of armour.
You have claws for hands.
Your natural rate of healing is unusually fast.
You are covered in fur. (AC +1)
You have tough skin. (AC +1)


Message History

The lemure shouts!
You scratch the gnoll bouda.
The gnoll bouda is heavily wounded.
The gnoll bouda misses you.
Pikel hits you with a +1 whip of freezing.
Pikel freezes you.
You closely miss Pikel. The gnoll bouda barely misses you.
Pikel hits you with a +1 whip of freezing!
Pikel freezes you.
You barely miss Pikel.
Your attacks no longer feel as feeble.
The gnoll bouda gazes fiercely through you!
You feel your attacks grow feeble.
The gnoll bouda hits you with a +0 whip!
Pikel hits you with a +1 whip of freezing!
Pikel freezes you.
You scratch Pikel. Your claw misses Pikel.
Pikel is lightly wounded.
You claw Pikel!
Pikel is moderately wounded.
Pikel hits you with a +1 whip of freezing.
Pikel freezes you. The gnoll bouda misses you.
You scratch Pikel.
Pikel is moderately wounded.
Pikel hits you with a +1 whip of freezing!
Pikel freezes you. The lemure hits you. The gnoll bouda closely misses you.
You closely miss Pikel.
Pikel is moderately wounded.
The gnoll bouda hits you with a +0 whip!
* * * LOW HITPOINT WARNING * * *
The lemure hits you.
* * * LOW HITPOINT WARNING * * *
Pikel hits you with a +1 whip of freezing!
* * * LOW HITPOINT WARNING * * *
Pikel freezes you.
* * * LOW HITPOINT WARNING * * *
You mangle Pikel!! Your claw misses Pikel.
Pikel is almost dead.
Pikel hits you with a +1 whip of freezing.
You die...

# *## *,* *** *, ###.# **,* *.#*
*#. ..#.# *,,* *#.* *#.# ....###
*,,* #.## *#..# ......### **,,*
#..# *#..#* ........##*,,,*
#..##*#..#* .....#.,,...,,*
#...##...#
.)...#**,...>.#########......###
##...#
**#....5g@.$............##
##...# ###..5K5.........#.....>
#...# *#....5...........##...
##).# *#................##**,.
#..#####.................# **,
#)).##...................# **
#...#...................## *
#.......................# *
#......................##


You could see Pikel, 4 lemures and a gnoll bouda.

Vanquished Creatures
  An ice beast (D:5)
  A black bear (D:6)
  5 ogres
  An orc warrior (D:6)
  Blork the orc (D:4)
  A kobold brigand (D:4)
  2 scorpions (D:5)
  A necrophage (D:5)
  A howler monkey (D:4)
  A crimson imp (D:3)
  2 jellies
  A gnoll bouda (D:5)
  An orc priest (D:4)
  4 hounds
  Ijyb (D:5)
  An orc wizard (D:4)
  Natasha (thrice) (D:4)
  2 mummies
  8 gnolls
  7 adders
  An ufetubus (D:4)
  2 worms
  5 dart slugs
  13 orcs
  4 spectral bats (Ossuary)
  3 bats
  4 endoplasms
  A giant cockroach (D:3)
  12 gnoll zombies (Ossuary)
  7 goblins
  2 hobgoblins
  4 quokkas
  7 ball pythons
  3 bat simulacra (Ossuary)
  4 frilled lizards
  2 goblin simulacra (Ossuary)
  4 goblin zombies (Ossuary)
  5 hobgoblin zombies (Ossuary)
  5 kobolds
  2 kobold simulacra (Ossuary)
  4 kobold zombies (Ossuary)
  5 orc zombies (Ossuary)
  7 rats
  4 rat simulacra (Ossuary)
  4 spectral kobolds (Ossuary)
  2 spectral rats (Ossuary)
161 creatures vanquished.

Notes
Turn   | Place    | Note
-------+----------+-------------------------------------------
     0 | D:1      | HoaS the Troll Gladiator began the quest for the Orb.
     0 | D:1      | Reached XP level 1. HP: 19/19 MP: 0/0
   106 | D:1      | Reached XP level 2. HP: 26/28 MP: 1/1
   766 | D:2      | Reached XP level 3. HP: 35/35 MP: 2/2
   772 | D:2      | Reached skill level 4 in Unarmed Combat
  1408 | D:3      | Found an ornate altar of the Wu Jian Council.
  1432 | D:3      | Found a burning altar of Makhleb.
  1432 | D:3      | Found a radiant altar of Vehumet.
  1448 | D:3      | Reached XP level 4. HP: 44/44 MP: 3/3
  1594 | D:3      | Found a runed translucent door.
  1596 | D:3      | Noticed p0werm0de's ghost (amateur OgFi)
  2094 | D:3      | Found a faded altar of an unknown god.
  2446 | D:4      | Noticed Natasha
  2451 | D:4      | Killed Natasha
  2452 | D:4      | Reached skill level 5 in Unarmed Combat
  2458 | D:4      | Reached XP level 5. HP: 44/50 MP: 4/4
  2701 | D:4      | Reached skill level 6 in Unarmed Combat
  2796 | D:4      | Found Lurykyh's Serpentskin Sales.
  2797 | D:4      | Noticed Natasha
  2804 | D:4      | Killed Natasha
  2805 | D:4      | Reached XP level 6. HP: 49/59 MP: 5/5
  2850 | D:4      | Found a staircase to the Ecumenical Temple.
  2896 | Temple   | Entered the Ecumenical Temple
  3009 | Temple   | Became a worshipper of Zin the Law-Giver
  3009 | Temple   | Reached * piety under Zin
  3139 | D:4      | Noticed Blork the orc
  3152 | D:4      | Killed Blork the orc
  3153 | D:4      | Reached skill level 7 in Unarmed Combat
  3177 | D:4      | Identified the +0 robe of Idey {+Inv rF- Will+ Str+2}
  3203 | D:4      | Reached skill level 1 in Invocations
  3504 | D:5      | Entered Level 5 of the Dungeon
  3527 | D:5      | Found a white marble altar of Elyvilon.
  3607 | D:4      | Found a snail-covered altar of Cheibriados.
  3619 | D:4      | Reached XP level 7. HP: 58/66 MP: 5/7
  3682 | D:4      | Noticed Natasha
  3685 | D:4      | Killed Natasha
  3935 | D:5      | Reached skill level 8 in Unarmed Combat
  3983 | D:5      | Identified the +0 scale mail "Zalef" {Will- Str+2 Int+3
                  | Stlth+}
  3990 | D:5      | Reached ** piety under Zin
  4010 | D:5      | Reached skill level 9 in Unarmed Combat
  4010 | D:5      | Reached XP level 8. HP: 66/74 MP: 8/8
  4068 | D:5      | Noticed Ijyb
  4078 | D:5      | Killed Ijyb
  4559 | D:6      | Found a sand-covered staircase.
  4570 | Ossuary  | Entered an ossuary
  4612 | Ossuary  | Reached *** piety under Zin
  4847 | Ossuary  | Reached **** piety under Zin
  5097 | D:6      | Noticed a cyclops
  5100 | D:6      | Noticed Dowan
  5100 | D:6      | Noticed Duvessa
  5317 | D:6      | Noticed Pikel
  5328 | D:6      | Slain by Pikel

Illustrated notes

Levels and vault maps discovered:
D:1:      erik_arrival_cave_to_civilisation [erik_arrival_cave_to_hall],
          layout_rooms
D:2:      layout_loops_ring, minmay_nonomino_d4
D:3:      layout_basic, nzn_wu_jian_contemplation,
          grunt_temple_overflow_lords_of_destruction,
          hellmonk_ghost_happy_afterlife, basic_ecumenical_altar
D:4:      layout_basic, mainiacjoe_overflow_six_doors_small, temple_doors_ab,
          guppyfry_shop_venom, uniq_natasha, uniq_blork_the_orc
D:5:      layout_basic, lemuel_tele_altar, minmay_chambers_of_fives, uniq_ijyb
D:6:      layout_layer_cave, nicolae_yredelemnul_ghost_church, serial_shops,
          nicolae_inconvenience_store, nicolae_ossuary_entry_giza, uniq_duvessa,
          uniq_pikel
Temple:   nicolae_temple_hex_pool

Skill      XL: |  1  2  3  4  5  6  7  8 |
---------------+-------------------------+-----
Fighting       | 2 3 |  3.6
Unarmed Combat | 4 5 6 7 9 |  9.5
Invocations    | 1 2 3 |  3.2
Throwing       | 2 |  2.7
Dodging        | 3 |  3.6

Action                     |  1- 3 |  4- 6 |  7- 9 || total
---------------------------+-------+-------+-------++-------
  Melee: Unarmed           |    94 |   113 |   198 ||   405
         Punch             |       |     1 |    10 ||    11
    Use: Scroll            |    11 |     3 |     5 ||    19
         Potion            |       |       |     1 ||     1
   Stab: Sleeping          |     2 |     2 |     1 ||     5
         Distracted        |       |       |     3 ||     3
 Armour: Robe              |    24 |    18 |    35 ||    77
  Dodge: Dodged            |    41 |    53 |    74 ||   168

Table legend: (Time is in decaauts)
 A = Elapsed time spent in this place.
 B = Non-inter-level travel time spent in this place.
 C = Inter-level travel time spent in this place.
 D = Time resting spent in this place.
 E = Time spent auto-exploring this place.
 F = Levels seen in this place.
 G = Mean time per level.
                   A        B        C        D        E       F      G
               +--------+--------+--------+--------+--------+-----+--------+
         Total |   5278 |   4879 |    399 |    321 |   3583 |   8 |  659.8 |
       Dungeon |   4758 |   4400 |    358 |    262 |   3372 |   6 |  793.0 |
        Temple |    116 |     75 |     41 |      0 |     61 |   1 |  116.0 |
       Ossuary |    402 |    402 |      0 |     59 |    150 |   1 |  402.0 |
               +--------+--------+--------+--------+--------+-----+--------+

Top non-repeatable levels by time:
     D:4: 1252 daAuts
     D:3: 1111 daAuts
     D:5: 757 daAuts
     D:2: 754 daAuts
     D:1: 570 daAuts
 Ossuary: 402 daAuts
     D:6: 313 daAuts
  Temple: 116 daAuts
